 Dungeon Crawl Stone Soup version 0.28.0-45-g0d030f2227 (webtiles) character file.

Game seed: 12426662742679817525

58 garethmagis the Slasher (level 3, 0/29 HPs)
             Began as a Demonspawn Berserker on Apr 9, 2022.
             Was a Believer of Trog.
             Succumbed to an adder's poison
             ... on level 3 of the Dungeon.
             The game lasted 00:03:26 (1815 turns).

garethmagis the Slasher (Demonspawn Berserker)      Turns: 1815, Time: 00:03:27

Health: 0/29       AC:  2    Str: 19    XL:     3   Next: 75%
Magic:  3/3        EV: 12    Int:  8    God:    Trog [**....]
Gold:   75         SH:  4    Dex: 12    Spells: 2/2 levels left

rFire   . . .      SeeInvis .   a - +0 falchion
rCold   . . .      Faith    .   (no shield)
rNeg    . . .      Spirit   .   b - +0 animal skin
rPois   .          Reflect  .   (no helmet)
rElec   .          Harm     .   (no cloak)
rCorr   .          Rampage  .   (no gloves)
Will    .....                   (no boots)
Stlth   +.........              (no amulet)
HPRegen 0.09/turn               (no ring)
MPRegen 0.08/turn               (no ring)

@: lethally poisoned (0 -> -16)
A: condensation shield, demonic touch 1
a: Renounce Religion, Berserk, Trog's Hand


You were on level 3 of the Dungeon.
You worshipped Trog.
Trog was pleased with you.
You visited 1 branch of the dungeon, and saw 3 of its levels.

You collected 75 gold pieces.

Inventory:

Hand Weapons
 a - a +0 falchion (weapon)
Armour
 b - a +0 animal skin (worn)
Jewellery
 h - a +6 ring of strength
Scrolls
 c - a scroll of immolation {unknown}
 d - a scroll of acquirement {unknown}
 e - a scroll of teleportation {unknown}
 i - a scroll of silence {unknown}
Potions
 f - a potion of invisibility {unknown}
 g - a potion of haste {unknown}


   Skills:
 + Level 3.3 Fighting
 + Level 3.5 Long Blades
 + Level 2.3 Armour
 + Level 2.0 Dodging
 + Level 0.2 Stealth
 + Level 0.1 Shields


You had 2 spell levels left.
You didn't know any spells.
Your spell library was empty.

Dungeon Overview and Level Annotations

Branches:
Dungeon (3/15)

Altars:

Shops:
D:1 ?


Innate Abilities, Weirdness & Mutations

A meltable shield of frost defends you. (SH +4)
Your touch may inflict minor irresistible damage on your foes.


Message History

A bat comes into view.
The adder hisses angrily.
The bat moves out of view.
A ball python comes into view.
The adder closely misses you. The adder closely misses you.
The adder bites you.
You are poisoned.
The adder poisons you!
You feel sick.
You feel sick. The adder barely misses you.
There is a stone staircase leading down here.
You feel sick. The adder closely misses you.
You climb downwards.
Found 14 stones, a ring mail and a cyan potion.
There is a stone staircase leading up here.
You closely miss the adder.
You touch the adder.
The adder is moderately wounded.
You feel sick.
You are no longer poisoned.
The adder bites you. The adder barely misses you. The adder bites you.
You are poisoned.
The adder poisons you! The adder bites you.
You miss the adder.
You touch the adder.
The adder is almost dead.
You feel sick. The adder completely misses you. The adder bites you.
You are lethally poisoned!
The adder poisons you!
Unknown command.
You barely miss the adder.
The adder is almost dead.
You feel sick. You block the adder's attack. The adder bites you.
* * * LOW HITPOINT WARNING * * *
You are more poisoned.
The adder poisons you! The adder barely misses you. The adder bites you.
* * * LOW HITPOINT WARNING * * *
You hit the adder.
You kill the adder!
Trog accepts your kill.
You die...

###........#.
##...........
.......[....
...........
......(...
.......J.
#....# #.†@#
.......S#
........#
.........
.........
..........
..........
...!.......


You could see an adder and an endoplasm.

Vanquished Creatures
  3 adders
  2 worms (D:2)
  4 ball pythons
  2 bats (D:1)
  4 endoplasms
  2 goblins (D:1)
  3 hobgoblins
  5 jackals
  A quokka (D:2)
  2 frilled lizards (D:1)
  3 kobolds
  A rat (D:1)
32 creatures vanquished.

Notes
Turn   | Place    | Note
-------+----------+-------------------------------------------
     0 | D:1      | garethmagis the Demonspawn Berserker began the quest for
                  | the Orb.
     0 | D:1      | Reached XP level 1. HP: 18/18 MP: 1/1
    11 | D:1      | Found Poysaurch's Magic Scroll Shoppe.
   234 | D:1      | Gained mutation: Your touch may inflict minor irresistible
                  | damage on your foes. [demonic ancestry]
   234 | D:1      | Reached XP level 2. HP: 21/24 MP: 2/2
   880 | D:2      | Gained mutation: A meltable shield of frost defends you.
                  | (SH +4) [demonic ancestry]
   880 | D:2      | Reached XP level 3. HP: 29/29 MP: 3/3
  1537 | D:2      | Reached ** piety under Trog
  1815 | D:3      | Succumbed to an adder's poison

Illustrated notes

Levels and vault maps discovered:
D:1:      dpeg_arrival_tiny_i, layout_rooms, serial_shops, shop
D:2:      layout_rooms, minmay_misc_feat_secret_circle, minmay_3d_cube
D:3:      gammafunk_steamed_eel, layout_basic,
          hellmonk_ecumenical_altar_blasted, serial_shops,
          nicolae_shop_hallway_plus

Skill      XL: |  1  2  3 |
---------------+----------+-----
Long Blades    | 3 |  3.5
Armour         | 2 |  2.3
Dodging        | 2 |  2.0
Fighting       | |  3.3
Stealth        | |  0.2
Shields        | |  0.1

Action                   || total
-------------------------++-------
Melee: Falchion          ||    94
       Touch             ||    13
       Punch             ||     2
 Stab: Sleeping          ||     2
Armor: Animal skin       ||    10
Dodge: Dodged            ||    58
Block: Other             ||     9
